 Dungeon Crawl Stone Soup version 0.30.1-4-g462c640d31 (webtiles) character file.

Game seed: 767359536237485717

5305 Zeor the Thaumaturge (level 10, -2/76 HPs)
             Began as a Deep Elf Ice Elementalist on Sept 6, 2023.
             Slain by an orc warrior
             ... wielding a +0 glaive
              (7 damage)
             ... on level 8 of the Dungeon.
             The game lasted 00:28:59 (8497 turns).

Zeor the Thaumaturge (Deep Elf Ice Elementalist)    Turns: 8497, Time: 00:28:59

Health: -2/76      AC: 15    Str:  5    XL:     10   Next: 37%
Magic:  36/38      EV: 14    Int: 25    God:
Gold:   555        SH:  0    Dex: 21    Spells: 18/35 levels left

rFire   . . .        a - +3 short sword (venom)
rCold   . . .        (no shield)
rNeg    . . .        o - +1 robe of the Echidna {MP+9}
rPois   .            O - +2 hat
rElec   .            d - scarf {repulsion}
rCorr   .            (no gloves)
SInv    +            (no boots)
Will    +....        i - amulet of the acrobat Stlth
                     c - ring of see invisible
HPRegen 0.32/turn    l - +6 ring of dexterity
MPRegen 0.26/turn

%: repel missiles, acrobat
@: berserking, ice-armoured, flying, slowed
A: no striking features
a: no special abilities


You were on level 8 of the Dungeon.
You visited 2 branches of the dungeon, and saw 9 of its levels.

You collected 555 gold pieces.

Inventory:

Hand Weapons
 a - a +3 short sword of venom (weapon)
 g - a +0 dagger of draining
Missiles
 J - 18 poisoned darts
 L - 4 curare-tipped darts
 N - a throwing net
Armour
 d - a scarf of repulsion (worn)
 o - the +1 robe of the Echidna (worn) {MP+9}
   (You found it on level 3 of the Dungeon)

   MP:        It affects your magic capacity (+9).
 p - a +1 leather armour of fire resistance
 E - a +0 buckler
 O - a +2 hat (worn)
Jewellery
 c - a ring of see invisible (left hand)
 h - a ring of fire
 i - an amulet of the acrobat (around neck)
 l - a +6 ring of dexterity (right hand)
 B - a ring of positive energy
 I - a +6 ring of dexterity
Wands
 q - a wand of mindburst (8)
 y - a wand of roots (10)
 D - a wand of digging (3)
Scrolls
 f - 6 scrolls of teleportation
 v - a scroll of fog
 w - a scroll of enchant weapon
 G - a scroll of immolation
 K - a scroll of amnesia
 M - a scroll of poison
Potions
 b - 2 potions of magic
 e - 4 potions of curing
 j - 2 potions of might
 k - 3 potions of attraction
 m - a potion of ambrosia
 n - 4 potions of mutation
 t - a potion of cancellation {unknown}
 u - a potion of heal wounds {unknown}
 x - a potion of invisibility {unknown}
 z - a potion of resistance {unknown}
 A - a potion of flight
 C - 2 potions of lignification {unknown}
 F - 2 potions of brilliance {unknown}
 H - a potion of degeneration {unknown}


   Skills:
 + Level 0.8 Fighting
 + Level 2.9 Short Blades
 + Level 0.2 Armour
 + Level 4.1 Dodging
 + Level 4.1 Stealth
 * Level 13.4 Spellcasting
 + Level 1.5 Summonings
 * Level 12.0 Ice Magic


You had 18 spell levels left.
You knew the following spells:

 Your Spells              Type           Power      Damage    Failure   Level
a - Ozocubu's Armour      Ice            67%        N/A       1%          3
b - Summon Ice Beast      Ice/Summ       50%        N/A       2%          4
c - Freezing Cloud        Conj/Ice/Air   18%        6-21      19%         5
f - Freeze                Ice            100%       1d10      1%          1
r - Frozen Ramparts       Ice            100%       1d16      1%          3
A - Apportation           Tloc           32%        N/A       3%          1

Your spell library contained the following spells:

 Spells                   Type           Power      Damage    Failure   Level
 Summon Small Mammal      Summ           96%        N/A       1%          1
 Foxfire                  Conj/Fire      64%        2x1d7     3%          1
 Necrotise                Necr           64%        1d7       3%          1
 Cigotuvi's Dreadful Rot  Necr/Pois/Air  32%        N/A       5%          2
 Ignite Poison            Fire/Tmut/Pois 16%        N/A       11%         3
 Inner Flame              Hex/Fire       16%        N/A       11%         3


Dungeon Overview and Level Annotations

Branches:
Dungeon (8/15)             Temple (1/1) D:6
   Lair: D:8-11

Altars:
Ashenzari
Cheibriados
Dithmenos
Elyvilon
Fedhas
Gozag
Hepliaklqana
Makhleb
Okawaru
Ru
Trog
Uskayaw
Vehumet
Wu Jian
Yredelemnul
Zin
The Shining One

Annotations:
D:4 exclusion: statue
D:5 3 runed translucent doors, ranchalot's ghost, novice TrFi


Message History

You start removing your armour.
You continue taking off your +0 helmet. x4
You finish taking off your +0 helmet.
You start putting on your armour.
You continue putting on your +2 hat. x5
You finish putting on your +2 hat.
You drop a +0 helmet.
You start resting.
Magic restored.
Things that are here:
a +0 short sword; 4 stones; a kobold corpse
Things that are here:
a +0 dagger; a kobold corpse
Okay, then.
Found a leather armour.
An orc warrior comes into view. It is wielding a +0 glaive.
There is an open door here.
The orc warrior shouts!
The orc warrior hits you with a +0 glaive!!
You closely miss the orc warrior.
The orc warrior hits you with a +0 glaive!
Casting: Freeze (safe; 1% risk of failure)
Confirm with . or Enter, or press ? or * to list all spells.
A film of ice covers your body! The orc warrior barely misses you.
The orc warrior hits you with a +0 glaive!
* * * LOW HITPOINT WARNING * * *
It was a potion of flight.
You feel very buoyant.
You fly up into the air.
The orc warrior closely misses you.
A red film seems to cover your vision as you go berserk!
You feel yourself moving faster!
You feel mighty! The orc warrior closely misses you.
The orc warrior hits you with a +0 glaive!
* * * LOW HITPOINT WARNING * * *
You hit the orc warrior.
The orc warrior is poisoned.
The orc warrior is lightly wounded.
The orc warrior misses you.
You puncture the orc warrior!
The orc warrior looks as sick as possible!
The orc warrior is heavily wounded.
The orc warrior hits you with a +0 glaive!
You die...

∙∙∙∙∙∙∙∙∙∙∙∙∙▒∙∙∙∙∙∙∙∙∙∙
∙∙∙∙∙∙∙∙∙∙∙∙∙▒[∙∙∙∙∙∙▒▒∙
∙∙∙∙∙∙∙∙∙∙∙∙∙▒))∙∙∙∙∙∙∙∙
∙∙∙∙∙∙∙∙∙∙∙∙▒▒∙∙∙∙∙∙∙▒∙∙
▒▒▒▒'▒▒▒▒∙▒▒▒∙∙∙∙∙∙∙▒∙∙
▒≈≈≈∙≈≈≈▒▒▒ ▒∙∙∙∙∙∙∙∙∙▒
▒≈≈∙∙∙≈≈▒ ▒▒∙∙∙∙∙∙∙∙∙
∙▒≈∙∙∙[∙≈▒▒▒▒▒∙∙∙∙∙∙∙∙∙∙
∙'∙∙∙∙∙e∙'∙▒∙∙∙∙∙∙∙∙∙∙∙∙
∙▒≈∙∙∙o∙#▒∙∙∙▒▒∙▒∙∙∙∙∙∙∙
▒≈≈∙∙∙≈#▒∙▒▒▒▒∙▒∙∙∙∙∙∙∙
▒≈≈≈∙≈≈≈▒▒▒ ∙∙▒∙∙∙▒▒∙▒
▒▒▒▒'▒▒▒▒ ∙▒▒∙∙▒▒▒∙∙ ▒∙
∙ ∙∙∙▒ ▒▒∙ ▒∙ ▒∙ ∙∙ ▒▒


You could see an orc warrior (extremely poisoned).

Vanquished Creatures
  Gastronok (D:8)
  Joseph (D:8)
  A wyvern (D:8)
  Grum (D:8)
  Edmund (D:6)
  Menkaure (D:6)
  2 water moccasins
  2 ice beasts (D:5)
  3 sky beasts
  2 orc warriors (D:8)
  A black bear (D:4)
  An ogre (D:6)
  5 centaurs
  2 wolves (D:8)
  2 phantoms (D:5)
  A bullfrog (D:3)
  3 kobold brigands
  3 scorpions
  6 killer bees (D:7)
  An electric eel (D:7)
  A howler monkey (D:7)
  4 jellies
  2 orc priests (D:8)
  A gnoll bouda (D:5)
  4 hounds
  A sleepcap (D:6)
  3 iguanas
  3 orc wizards (D:8)
  Ijyb (D:4)
  Robin (D:4)
  12 gnolls
  10 adders
  A shadow imp (D:6)
  A white imp (D:7)
  3 ufetubi
  An adder zombie (D:2)
  2 worms
  2 dart slugs
  35 orcs
  7 ball pythons
  5 bats
  2 bat zombies (D:2)
  7 endoplasms
  7 giant cockroaches
  12 goblins
  8 hobgoblins
  6 quokkas
  A ball python zombie (D:2)
  5 frilled lizards
  21 kobolds
  5 rats
214 creatures vanquished.

Notes
Turn   | Place    | Note
-------+----------+-------------------------------------------
     0 | D:1      | Zeor the Deep Elf Ice Elementalist began the quest for the
                  | Orb.
     0 | D:1      | Reached XP level 1. HP: 10/10 MP: 6/6
   228 | D:1      | Reached XP level 2. HP: 15/15 MP: 5/8
   516 | D:1      | Reached skill level 5 in Ice Magic
   516 | D:1      | Reached XP level 3. HP: 19/19 MP: 6/10
   522 | D:1      | Learned a level 3 spell: Frozen Ramparts
   526 | D:1      | Learned a level 3 spell: Ozocubu's Armour
  1210 | D:1      | Learned a level 1 spell: Apportation
  1542 | D:2      | Reached skill level 4 in Spellcasting
  1542 | D:2      | Reached XP level 4. HP: 22/24 MP: 1/12
  2655 | D:3      | Noticed a shadow
  2656 | D:3      | Found a shadowy altar of Dithmenos.
  2657 | D:3      | Found a hazy altar of Hepliaklqana.
  2713 | D:3      | Noticed a bullfrog
  2720 | D:3      | Killed a bullfrog
  2721 | D:3      | Reached skill level 5 in Spellcasting
  2721 | D:3      | Reached XP level 5. HP: 22/28 MP: 2/14
  2890 | D:3      | Reached skill level 1 in Short Blades
  2979 | D:3      | Found a burning altar of Makhleb.
  2986 | D:3      | Identified the +1 robe of the Echidna {MP+9}
  3185 | D:3      | Found a snail-covered altar of Cheibriados.
  3524 | D:3      | Found a bloodstained altar of Trog.
  3707 | D:4      | Noticed Ijyb
  3707 | D:4      | Noticed Robin
  3720 | D:4      | Killed Robin
  3726 | D:4      | Killed Ijyb
  4086 | D:4      | Found a radiant altar of Vehumet.
  4086 | D:4      | Noticed a frost-covered statue
  4087 | D:4      | gfdi
  4115 | D:4      | Reached XP level 6. HP: 32/32 MP: 16/16
  4395 | D:4      | Reached skill level 6 in Spellcasting
  4398 | D:4      | Reached XP level 7. HP: 21/36 MP: 16/18
  4436 | D:4      | Learned a level 4 spell: Summon Ice Beast
  4611 | D:5      | Entered Level 5 of the Dungeon
  4716 | D:5      | Reached skill level 7 in Spellcasting
  4801 | D:5      | Found a runed translucent gate.
  4801 | D:5      | Found a runed translucent gate.
  4801 | D:5      | Found a runed translucent gate.
  4802 | D:5      | Found an opulent altar of Gozag.
  4803 | D:5      | Noticed ranchalot's ghost (novice TrFi)
  5157 | D:5      | Reached skill level 8 in Spellcasting
  5157 | D:5      | Reached skill level 1 in Summonings
  5294 | D:5      | Reached XP level 8. HP: 23/41 MP: 22/22
  5871 | D:6      | Noticed Edmund
  5882 | D:6      | Killed Edmund
  5980 | D:6      | Found a staircase to the Ecumenical Temple.
  5990 | D:6      | Got the Quarto of the Assorted Moons
  6004 | Temple   | Entered the Ecumenical Temple
  6146 | D:6      | Reached skill level 9 in Spellcasting
  6206 | D:6      | Noticed Menkaure
  6219 | D:6      | Killed Menkaure
  6428 | D:6      | Reached skill level 10 in Spellcasting
  6523 | D:6      | Reached XP level 9. HP: 46/46 MP: 25/25
  6615 | D:6      | Found a broken altar of Ashenzari.
  7020 | D:7      | Reached skill level 10 in Ice Magic
  7355 | D:7      | Reached skill level 11 in Spellcasting
  7618 | D:7      | Learned a level 5 spell: Freezing Cloud
  7976 | D:8      | Found a glowing golden altar of the Shining One.
  8005 | D:8      | Noticed Joseph
  8019 | D:8      | Killed Joseph
  8020 | D:8      | Reached skill level 12 in Spellcasting
  8156 | D:8      | Noticed Grum
  8168 | D:8      | Killed Grum
  8169 | D:8      | Reached XP level 10. HP: 51/51 MP: 18/28
  8294 | D:8      | Noticed Gastronok
  8435 | D:8      | Killed Gastronok
  8436 | D:8      | Reached skill level 13 in Spellcasting
  8497 | D:8      | Slain by an orc warrior

Illustrated notes

▒▒∙(∙∙▒∙▒▒▒▒∙▒
▒∙∙∙∙∙∙∙▒ ▒∙∙▒∙▒∙∙∙ ∙∙▒
▒∙∙∙▒▒▒▒▒ ▒∙∙▒∙∙∙∙∙∙∙∙▒
▒∙▒▒▒ ▒∙∙▒∙∙∙∙∙∙∙∙▒
▒∙▒▒▒ ▒▒∙∙▒∙∙∙∙∙∙∙∙▒
▒∙▒∙▒▒
∙∙∙∙∙∙∙∙∙∙∙∙∙▒▒▒▒∙∙▒∙▒▒
∙▒∙▒∙▒∙∙∙∙∙∙∙∙∙∙∙∙∙∙▒∙▒
∙▒∙▒∙▒ ▒▒▒▒▒▒▒▒▒∙▒∙∙∙▒▒
∙∙∙▒∙∙ ▒e▒▒∙▒▒ ▒▒▒▒▒▒∙
8∙▄∙∙g∙∙▒▒∙▒ ▒ ∙
∙∙∙∙∙∙▒∙▒▒∙▒ ▒ ▒
▒▒▒▒▒▒▒∙∙▒∙▒ ▒ ∙∙∙▒∙▒ ▒
∙∙∙∙∙▒ ∙∙∙▒ ∙▒s∙▒


Turn 4087 on D:4: gfdi

Levels and vault maps discovered:
D:1:      dpeg_arrival_leaves_temple_mockup, layout_basic, wad_floor_pattern_1
D:2:      layout_basic, serial_undead, serial_undead_f, serial_undead_e,
          serial_undead_b, serial_undead_a
D:3:      layout_loops_ring, kennysheep_slug_shrine, bloody_makhleb,
          mainiacjoe_overflow_alcove_1, riverfiend_overflow_shadow_ancestor
D:4:      minmay_bubble_buster, layout_loops_cross, vehumet_statue,
          nemelex_xobeh_ov_fountains_minmay, hangedman_decor_diamond_cutter,
          minmay_misc_feat_square, nicolae_goblin_pals, uniq_ijyb
D:5:      layout_rooms, ebering_ghost_gozag, corner_web_ring
D:6:      layout_loops_corners, general_overflow_altar,
          minmay_temple_entry_offerings, kennysheep_generic_room_9, uniq_edmund,
          uniq_menkaure
D:7:      layout_basic, serial_bayou_lagoon_a
D:8:      layout_rooms, tso_oasis_becter, special_room [special_room_orc],
          kennysheep_generic_room_8, uniq_grum, uniq_gastronok, uniq_joseph
Temple:   kb_temple_of_zot

Skill      XL: |  1  2  3  4  5  6  7  8  9 10 |
---------------+-------------------------------+-----
Ice Magic      | 5 6 7 8 9 11 12 | 12.0
Spellcasting   | 4 5 6 8 10 12 13 | 13.4
Dodging        | 3 4 |  4.1
Short Blades   | 1 2 |  2.9
Stealth        | 3 4 |  4.1
Summonings     | 1 |  1.5
Fighting       | |  0.8
Armour         | |  0.2

Action                     |  1- 3 |  4- 6 |  7- 9 | 10-12 || total
---------------------------+-------+-------+-------+-------++-------
  Melee: Dagger            |    11 |    44 |       |       ||    55
         Short sword       |       |    25 |   132 |    10 ||   167
         Punch             |       |     1 |     3 |       ||     4
   Cast: Freeze            |    43 |    26 |    38 |     8 ||   115
         Frozen Ramparts   |     1 |    18 |    46 |     4 ||    69
         Ozocubu's Armour  |     1 |     9 |    34 |     5 ||    49
         Summon Ice Beast  |       |       |     4 |       ||     4
    Use: Scroll            |     4 |     7 |     5 |       ||    16
         Potion            |       |       |       |     2 ||     2
   Stab: Sleeping          |     2 |     4 |     4 |       ||    10
         Distracted        |       |       |     2 |       ||     2
 Armour: Robe              |     8 |    21 |    56 |     5 ||    90
         Leather armour    |       |     9 |       |       ||     9
  Dodge: Dodged            |    26 |    66 |   186 |    12 ||   290
